[Event "ICC tourney 1954 (60 10)"]
[Site "Internet Chess Club"]
[Date "2020.08.08"]
[Round "6"]
[White "Aahilvalliani"]
[Black "neo898913"]
[Result "0-1"]
[ICCResult "White resigns"]
[WhiteElo "725"]
[BlackElo "1022"]
[Opening "French: advance variation"]
[ECO "C02"]
[NIC "FR.03"]
[Time "18:33:06"]
[TimeControl "3600+10"]

1. d4 e6 2. e4 d5 3. e5 c5 4. c3 Qb6 5. Ne2 Nc6 6. g3 Nge7 7. Bg2 Nf5 8. Be3
cxd4 9. Nxd4 Ncxd4 10. cxd4 Qxb2 11. Nd2 Bb4 12. Rb1 Bxd2+ 13. Bxd2 Qxd4 14.
Be3 Qxe5 15. Qe2 Nxe3 16. Qxe3 Qxe3+ 17. fxe3 b6 18. O-O Ba6 19. Rfc1 Kd7
20. Rc2 Bd3 21. Rbc1 Bxc2 22. Rxc2 Rac8 23. Rf2 f6 24. Rd2 Rc1+ 25. Bf1 Rhc8
26. e4 Kd6 27. exd5 exd5 28. Re2 R8c2 29. Rxc2 Rxc2 30. a3 Ra2 31. a4 Rxa4
32. Kg2 Ra2+ 33. Kh3 Rf2 34. Bd3 a5 35. Bxh7 a4 36. Bd3 a3 37. Bb1 a2 38.
Bxa2 Rxa2 {White resigns} 0-1

[Event "ICC tourney 1954 (60 10)"]
[Site "Internet Chess Club"]
[Date "2020.08.08"]
[Round "6"]
[White "Rockstaryoyo901"]
[Black "ChessG2011"]
[Result "0-1"]
[ICCResult "White checkmated"]
[WhiteElo "754"]
[BlackElo "1026"]
[Opening "Giuoco Piano"]
[ECO "C54"]
[NIC "IG.02"]
[Time "18:32:01"]
[TimeControl "3600+10"]

1. e4 e5 2. Nf3 Nc6 3. Bc4 Bc5 4. c3 Nf6 5. d4 exd4 6. cxd4 Bb4+ 7. Bd2 Nxe4
8. Bxb4 Nxb4 9. Qb3 d5 10. Qxb4 dxc4 11. Qb5+ c6 12. Qxc4 O-O 13. O-O Be6
14. Qd3 Nf6 15. Ng5 h6 16. Nxe6 fxe6 17. Re1 Qd6 18. Nc3 Ng4 19. h3 Qh2+ 20.
Kf1 Rxf2# {White checkmated} 0-1

[Event "ICC tourney 1954 (60 10)"]
[Site "Internet Chess Club"]
[Date "2020.08.08"]
[Round "6"]
[White "sskavin14"]
[Black "temporarydanger"]
[Result "0-1"]
[ICCResult "White checkmated"]
[WhiteElo "883"]
[BlackElo "1185"]
[Opening "Three knights game"]
[ECO "C46"]
[NIC "KP.06"]
[Time "18:32:26"]
[TimeControl "3600+10"]

1. e4 e5 2. Nf3 Nc6 3. Nc3 Bb4 4. Nd5 Bc5 5. d3 d6 6. h3 Be6 7. a3 Nf6 8.
Nxf6+ Qxf6 9. Bg5 Qg6 10. Qd2 f6 11. Bh4 O-O-O 12. Bg3 d5 13. exd5 Bxd5 14.
Be2 Rhe8 15. O-O e4 16. Nh4 Qxg3 17. Nf5 Qg6 18. Ng3 Qxg3 19. Kh1 Qg6 20. b4
e3 21. Qc1 Qxg2# {White checkmated} 0-1

[Event "ICC tourney 1954 (60 10)"]
[Site "Internet Chess Club"]
[Date "2020.08.08"]
[Round "6"]
[White "stanwang"]
[Black "IsaacCumes"]
[Result "1-0"]
[ICCResult "Black checkmated"]
[WhiteElo "1393"]
[BlackElo "991"]
[Opening "two knights: Max Lange attack, Steinitz variation"]
[ECO "C55"]
[NIC "KP.02"]
[Time "18:32:26"]
[TimeControl "3600+10"]

1. e4 e5 2. Nf3 Nc6 3. d4 exd4 4. Bc4 Nf6 5. O-O Bc5 6. e5 Ng4 7. Nxd4 Nxf2
8. Rxf2 Bxd4 9. Bxf7+ Kf8 10. Bd5+ Ke8 11. Qh5+ g6 12. Bf7+ Kf8 13. Qh6+ Ke7
14. Bg5# {Black checkmated} 1-0

[Event "ICC tourney 1954 (60 10)"]
[Site "Internet Chess Club"]
[Date "2020.08.08"]
[Round "6"]
[White "Cgchess"]
[Black "chakwo456"]
[Result "1-0"]
[ICCResult "Black checkmated"]
[WhiteElo "1397"]
[BlackElo "1105"]
[Opening "Ruy Lopez: exchange variation"]
[ECO "C68"]
[NIC "RL.08"]
[Time "18:32:03"]
[TimeControl "3600+10"]

1. e4 e5 2. Nf3 Nc6 3. Bb5 a6 4. Bxc6 bxc6 5. O-O d6 6. d4 Bb7 7. dxe5 dxe5
8. Qxd8+ Rxd8 9. Nc3 Bd6 10. Be3 Nf6 11. Rad1 O-O 12. Bg5 Be7 13. Nxe5 h6
14. Bh4 Bc8 15. Nxc6 Rxd1 16. Nxe7+ Kh7 17. Rxd1 Be6 18. Bxf6 gxf6 19. Ned5
Bxd5 20. Nxd5 Rd8 21. Nc3 Rb8 22. b3 Kg6 23. f3 Re8 24. Rd7 Rc8 25. Nd5 c6
26. Ne7+ Kg7 27. Nxc8 Kg6 28. Ne7+ Kg7 29. Nxc6 Kg6 30. h4 h5 31. c4 Kg7 32.
c5 Kg6 33. Ne7+ Kg7 34. c6 Kh6 35. c7 Kg7 36. c8=Q Kh7 37. Nf5 Kg6 38. Qg8#
{Black checkmated}
1-0

[Event "ICC tourney 1954 (60 10)"]
[Site "Internet Chess Club"]
[Date "2020.08.08"]
[Round "6"]
[White "Rishid7"]
[Black "Harper0717"]
[Result "0-1"]
[ICCResult "White checkmated"]
[WhiteElo "864"]
[BlackElo "1281"]
[Opening "Giuoco Piano"]
[ECO "C50"]
[NIC "IG.02"]
[Time "18:32:26"]
[TimeControl "3600+10"]

1. e4 e5 2. Nf3 Nc6 3. Bc4 Bc5 4. O-O Nf6 5. Nc3 d6 6. h3 a6 7. d3 Be6 8.
Nd5 h6 9. a3 b5 10. Bb3 O-O 11. Re1 Re8 12. c3 Rb8 13. d4 exd4 14. cxd4 Bxd5
15. exd5 Rxe1+ 16. Qxe1 Nxd4 17. Nxd4 Bxd4 18. Qd1 Bc5 19. Qf3 Qe7 20. Qg3
Qe1+ 21. Kh2 Bxf2 22. Qf3 Qg1# {White checkmated} 0-1

[Event "ICC tourney 1954 (60 10)"]
[Site "Internet Chess Club"]
[Date "2020.08.08"]
[Round "6"]
[White "kstao17"]
[Black "Cougar2020"]
[Result "0-1"]
[ICCResult "White resigns"]
[WhiteElo "570"]
[BlackElo "1154"]
[Opening "French: exchange variation"]
[ECO "C01"]
[NIC "FR.01"]
[Time "18:32:26"]
[TimeControl "3600+10"]

1. e4 e6 2. d4 d5 3. exd5 exd5 4. Nf3 Nf6 5. Nc3 Bd6 6. Bd3 c6 7. O-O O-O 8.
Re1 Nbd7 9. Ne5 Qc7 10. Nxd7 Bxd7 11. g3 h6 12. Rb1 Rfe8 13. Be3 a6 14. a3
c5 15. dxc5 Bxc5 16. Bxc5 Qxc5 17. Rxe8+ Rxe8 18. Qd2 Bh3 19. Bf1 Bd7 20.
Bg2 Bc6 21. b4 Qc4 22. a4 d4 23. Na2 Qxa2 24. Bxc6 Qxb1+ 25. Kg2 {White
resigns} 0-1

[Event "ICC tourney 1954 (60 10)"]
[Site "Internet Chess Club"]
[Date "2020.08.08"]
[Round "6"]
[White "alphablitz"]
[Black "Maximusiv"]
[Result "1-0"]
[ICCResult "Black resigns"]
[WhiteElo "768"]
[BlackElo "1026"]
[Opening "Scandinavian defense"]
[ECO "B01"]
[NIC "SD.03"]
[Time "18:32:33"]
[TimeControl "3600+10"]

1. e4 d5 2. exd5 Nf6 3. Nc3 Bg4 4. Nf3 Nxd5 5. Nxd5 Qxd5 6. Be2 Nc6 7. O-O
O-O-O 8. h3 Bh5 9. d3 e5 10. Bg5 f6 11. Be3 Bg6 12. a3 Qe6 13. Re1 e4 14.
Nh2 exd3 15. cxd3 Qb3 16. Qxb3 {Black resigns} 1-0

[Event "ICC tourney 1954 (60 10)"]
[Site "Internet Chess Club"]
[Date "2020.08.08"]
[Round "6"]
[White "Snowzera"]
[Black "buptwy"]
[Result "1/2-1/2"]
[ICCResult "Game drawn by repetition"]
[WhiteElo "1016"]
[BlackElo "577"]
[Opening "Ruy Lopez: exchange, Keres variation"]
[ECO "C68"]
[NIC "RL.08"]
[Time "18:31:36"]
[TimeControl "3600+10"]

1. e4 e5 2. Nf3 Nc6 3. Bb5 a6 4. Bxc6 dxc6 5. Nc3 Nf6 6. Nxe5 Qd4 7. Nf3 Qd8
8. e5 Nd5 9. Nxd5 cxd5 10. d4 Be7 11. O-O O-O 12. h3 Bd7 13. Bf4 Re8 14. Qd3
Bb5 15. Qf5 Bxf1 16. Rxf1 f6 17. Qe6+ Kh8 18. Qg4 fxe5 19. Bxe5 Bf6 20. Bxf6
Qxf6 21. Ng5 Qg6 22. Qf4 h6 23. Nf7+ Kh7 24. Ne5 Qxc2 25. Ng4 Re2 26. Ne5
Kg8 27. Qf7+ Kh7 28. Ng4 Kh8 29. Qxd5 Qxb2 30. Ne5 Qb5 31. Qf7 Rxe5 32. dxe5
Qxe5 33. Rb1 b5 34. Rd1 c5 35. Rd7 c4 36. Re7 Qf6 37. Re8+ Rxe8 38. Qxe8+
Kh7 39. Qe4+ Qg6 40. Qb7 c3 41. Qc8 Qb1+ 42. Kh2 c2 43. Qf5+ Kh8 44. Qf8+
Kh7 45. Qf5+ g6 46. Qf7+ Kh8 47. Qf8+ Kh7 48. Qf7+ Kh8 49. Qf8+ Kh7 50. Qf7+
Kh8 51. Qf8+ Kh7 52. Qf7+ Kh8 53. Qf8+ Kh7 54. Qf7+ Kh8
{Game drawn by repetition}
1/2-1/2

[Event "ICC tourney 1954 (60 10)"]
[Site "Internet Chess Club"]
[Date "2020.08.08"]
[Round "6"]
[White "Checkmate1970"]
[Black "karmapillai"]
[Result "1-0"]
[ICCResult "Black checkmated"]
[WhiteElo "898"]
[BlackElo "1027"]
[Opening "Giuoco Piano"]
[ECO "C54"]
[NIC "IG.02"]
[Time "18:32:19"]
[TimeControl "3600+10"]

1. e4 e5 2. Nf3 Nc6 3. Bc4 Bc5 4. c3 Nf6 5. d4 exd4 6. cxd4 Bb4+ 7. Bd2
Bxd2+ 8. Nbxd2 O-O 9. O-O Re8 10. Re1 d6 11. Qb3 Re7 12. Ng5 Qe8 13. Ndf3
Na5 14. Qb4 Nxc4 15. Qxc4 Nxe4 16. Nxe4 Rxe4 17. Rxe4 Qxe4 18. Re1 Bf5 19.
Rxe4 Bxe4 20. Qe2 Bc6 21. Ng5 Re8 22. Qd1 Ba4 23. Qb1 g6 24. h3 Re2 25. Qd3
Rxb2 26. Qa3 Rb1+ 27. Kh2 Bc6 28. Qxa7 Rb2 29. Qb8+ Kg7 30. Qxc7 Rxf2 31.
Kg3 Rxg2+ 32. Kh4 Rxa2 33. Qxf7+ Kh8 34. Qxh7# {Black checkmated} 1-0

[Event "ICC tourney 1954 (60 10)"]
[Site "Internet Chess Club"]
[Date "2020.08.08"]
[Round "6"]
[White "guyd52"]
[Black "FatGuyIsRoux"]
[Result "0-1"]
[ICCResult "White resigns"]
[WhiteElo "968"]
[BlackElo "169"]
[Opening "Réti: King's Indian attack (Barcza system)"]
[ECO "A07"]
[NIC "QP.09"]
[Time "18:31:52"]
[TimeControl "3600+10"]

1. Nf3 d5 2. g3 Bf5 3. Bg2 Nc6 4. d3 e5 5. Nbd2 Bd6 6. O-O Nf6 7. Re1 O-O 8.
e4 Bg4 9. c3 d4 10. Qb3 dxc3 11. Qxc3 Nd7 12. a3 Qf6 13. b4 Bxf3 14. Nxf3
Nd4 15. Bg5 Nxf3+ 16. Bxf3 Qxf3 17. Re3 Qg4 18. f3 Qxg5 19. Ree1 Rae8 20.
Kg2 Re6 21. h4 Qg6 22. g4 Qh6 23. Kg3 Qf4+ 24. Kf2 Rf6 25. d4 exd4 26. Qe3
dxe3+ {White resigns} 0-1

[Event "ICC tourney 1954 (60 10)"]
[Site "Internet Chess Club"]
[Date "2020.08.08"]
[Round "6"]
[White "Aadarsh99"]
[Black "Jesserocks135"]
[Result "0-1"]
[ICCResult "White resigns"]
[WhiteElo "1049"]
[BlackElo "1292"]
[Opening "Queen's pawn game"]
[ECO "D02"]
[NIC "QP.08"]
[Time "18:31:36"]
[TimeControl "3600+10"]

1. d4 d5 2. Nf3 Bf5 3. g3 Nf6 4. Bg2 e6 5. Nbd2 Nbd7 6. b3 c5 7. Bb2 Be7 8.
O-O O-O 9. c4 Rc8 10. Rc1 b6 11. e3 Nb8 12. Ne5 Nc6 13. Ndf3 Be4 14. Nxc6
Rxc6 15. Ne5 Rd6 16. f3 Bg6 17. cxd5 Nxd5 18. Qe2 Bf6 19. Nxg6 fxg6 20. dxc5
bxc5 21. Rxc5 Bxb2 22. Qxb2 Nxe3 23. Rfc1 Nxg2 24. Qxg2 Rd2 25. Qh3 Rd1+ 26.
Rxd1 Qxd1+ 27. Kg2 Qxf3+ 28. Kg1 Qe3+ 29. Kh1 Qxc5 30. Qxe6+ Kh8 31. Qe2
Qd5+ 32. Kg1 Qd4+ 33. Kh1 Qf2 {White resigns} 0-1

[Event "ICC tourney 1954 (60 10)"]
[Site "Internet Chess Club"]
[Date "2020.08.08"]
[Round "6"]
[White "neelansh2489"]
[Black "Gnanathan"]
[Result "0-1"]
[ICCResult "White checkmated"]
[WhiteElo "1116"]
[BlackElo "1385"]
[Opening "QGD semi-Slav: 5.e3"]
[ECO "D45"]
[NIC "SL.08"]
[Time "18:32:26"]
[TimeControl "3600+10"]

1. d4 d5 2. c4 c6 3. Nc3 Nf6 4. Nf3 e6 5. e3 Bb4 6. Bd2 O-O 7. a3 Bxc3 8.
Bxc3 Ne4 9. Bd3 Nxc3 10. bxc3 Nd7 11. O-O Nf6 12. cxd5 cxd5 13. Ne5 Bd7 14.
Rb1 Rb8 15. Re1 Qa5 16. Qc2 Bc6 17. Nxc6 bxc6 18. Rb3 Rb6 19. Reb1 Rfb8 20.
Qd1 Rxb3 21. Rxb3 Rb6 22. h3 Kf8 23. c4 Ke7 24. c5 Rxb3 25. Qxb3 Qc7 26. a4
Nd7 27. Bxh7 g6 28. h4 Nf6 29. Bxg6 fxg6 30. Qd3 Kf7 31. Qe2 Qa5 32. Qd1 Kg7
33. g4 Ne4 34. Qb3 Qe1+ 35. Kh2 Qxf2+ 36. Kh1 Ng3# {White checkmated} 0-1

[Event "ICC tourney 1954 (60 10)"]
[Site "Internet Chess Club"]
[Date "2020.08.08"]
[Round "6"]
[White "Chai2006"]
[Black "nathanarnold12"]
[Result "1-0"]
[ICCResult "Black checkmated"]
[WhiteElo "950"]
[BlackElo "1293"]
[Opening "French: exchange variation"]
[ECO "C01"]
[NIC "FR.01"]
[Time "18:31:38"]
[TimeControl "3600+10"]

1. e4 e6 2. d4 d5 3. exd5 exd5 4. Nf3 Bg4 5. h3 Bh5 6. Bd3 Nc6 7. c3 Qd7 8.
O-O O-O-O 9. b4 Kb8 10. a4 f6 11. Nbd2 g5 12. Nb3 g4 13. Nh4 Bd6 14. b5 Na5
15. Nxa5 Ne7 16. Re1 Ng6 17. Nf5 Nf4 18. Bxf4 Bxf4 19. hxg4 Bg6 20. g3 Bd6
21. Qb3 h5 22. Qxd5 c6 23. bxc6 Qh7 24. Re7 Bxe7 25. c7+ Kxc7 26. Qxb7#
{Black checkmated}
1-0

[Event "ICC tourney 1954 (60 10)"]
[Site "Internet Chess Club"]
[Date "2020.08.08"]
[Round "6"]
[White "wrongpilot"]
[Black "layla0422"]
[Result "0-1"]
[ICCResult "White checkmated"]
[WhiteElo "816"]
[BlackElo "1171"]
[Opening "Van't Kruijs opening"]
[ECO "A00"]
[Time "18:31:44"]
[TimeControl "3600+10"]

1. e3 e5 2. Nc3 Nf6 3. e4 Bc5 4. d3 d5 5. exd5 Nxd5 6. Nxd5 Qxd5 7. c4 Qc6
8. Nf3 Nd7 9. g3 e4 10. dxe4 Qxe4+ 11. Qe2 Nf6 12. Qxe4+ Nxe4 13. Bg2 O-O
14. O-O Be6 15. b3 Rad8 16. Bf4 Bb6 17. Ne5 Nc3 18. Bxb7 Ne2+ 19. Kh1 Nxf4
20. gxf4 Bh3 21. Bg2 Bf5 22. Rfd1 Rxd1+ 23. Rxd1 Bxf2 24. Rd2 Be3 25. Re2
Bxf4 26. Rf2 g5 27. Nc6 Re8 28. Nxa7 Bd7 29. Nb5 Re6 30. Bh3 Bc6+ 31. Kg1
Re1+ 32. Rf1 Be3# {White checkmated} 0-1

[Event "ICC tourney 1954 (60 10)"]
[Site "Internet Chess Club"]
[Date "2020.08.08"]
[Round "6"]
[White "AF8"]
[Black "PirateKing"]
[Result "1-0"]
[ICCResult "Black checkmated"]
[WhiteElo "1044"]
[BlackElo "848"]
[Opening "Caro-Kann: Hillbilly attack"]
[ECO "B10"]
[NIC "CK.01"]
[Time "18:31:44"]
[TimeControl "3600+10"]

1. e4 c6 2. Bc4 d5 3. exd5 cxd5 4. Bb3 Bf5 5. d4 h6 6. Nc3 e6 7. Nf3 Bd6 8.
O-O Nf6 9. Ne5 O-O 10. Qf3 Bg4 11. Nxg4 Nxg4 12. Qxg4 Qc7 13. Bxh6 g6 14.
Bxf8 Kxf8 15. g3 Nd7 16. Nb5 Qc6 17. Nxd6 Qxd6 18. c4 dxc4 19. Bxc4 Nf6 20.
Qf3 Qe7 21. d5 Rc8 22. Bb3 b6 23. dxe6 fxe6 24. Rae1 e5 25. Re4 Kg7 26. Rh4
e4 27. Re1 Rc7 28. Qe3 Rd7 29. f3 Qb4 30. fxe4 Qd2 31. Qxd2 Rxd2 32. e5 Ne8
33. e6 Rxb2 34. Rf1 Re2 35. Rf7+ Kg8 36. e7 Re1+ 37. Kf2 Re6 38. Rfh7 Ng7
39. Bxe6+ Nxe6 40. e8=Q+ Nf8 41. Qf7# {Black checkmated} 1-0

[Event "ICC tourney 1954 (60 10)"]
[Site "Internet Chess Club"]
[Date "2020.08.08"]
[Round "6"]
[White "srirammarni"]
[Black "jerryjhzhang"]
[Result "1-0"]
[ICCResult "Black resigns"]
[WhiteElo "927"]
[BlackElo "817"]
[Opening "Richter-Veresov attack"]
[ECO "D01"]
[NIC "QP.07"]
[Time "18:31:49"]
[TimeControl "3600+10"]

1. d4 Nf6 2. Nc3 d5 3. Bg5 g6 4. Nf3 Bg7 5. e3 O-O 6. Bd3 c6 7. e4 dxe4 8.
Nxe4 Nxe4 9. Bxe4 Bg4 10. h3 Bxf3 11. Bxf3 Qc7 12. O-O h6 13. Bh4 Rd8 14. c3
c5 15. Bg3 Qb6 16. Re1 Nd7 17. dxc5 Nxc5 18. Qc2 e6 19. b4 Na6 20. Rab1
{Black resigns}
1-0

[Event "ICC tourney 1954 (60 10)"]
[Site "Internet Chess Club"]
[Date "2020.08.08"]
[Round "6"]
[White "Jeffchess"]
[Black "vaav"]
[Result "0-1"]
[ICCResult "White resigns"]
[WhiteElo "1360"]
[BlackElo "1251"]
[Opening "French: Two knights variation"]
[ECO "C00"]
[NIC "FR.01"]
[Time "18:32:13"]
[TimeControl "3600+10"]

1. e4 e6 2. Nf3 d5 3. Nc3 Nf6 4. Bd3 Bb4 5. e5 Bxc3 6. exf6 Bxd2+ 7. Qxd2
Qxf6 8. Qg5 Qxg5 9. Nxg5 h6 10. Nf3 Nc6 11. O-O O-O 12. Bb5 Bd7 13. Bf4 Rac8
14. Rad1 a6 15. Bxc6 Bxc6 16. Ne5 Bb5 17. Rfe1 c5 18. c3 Rfd8 19. h4 d4 20.
c4 Bc6 21. Nxc6 Rxc6 22. b3 b5 23. Rc1 d3 24. Rc3 b4 25. Bd2 bxc3 26. Bxc3
d2 27. Rd1 Rcd6 28. Kf1 Rd3 29. Ba5 R8d4 30. Ke2 Rd7 31. Bb6 R3d4 32. Bxc5
Re4+ 33. Be3 f5 34. g3 e5 35. Kf3 Rg4 36. c5 e4+ 37. Kg2 Rf7 38. Rxd2 f4 39.
Rd8+ Kh7 40. Bd4 fxg3 41. fxg3 Re7 42. Be3 Rg6 43. Rd6 Rf6 44. Bf4 e3 45.
Rd1 e2 46. Re1 Rc6 47. Bd6 Re6 48. Kf3 Kg6 49. Rxe2 Rf6+ 50. Bf4 Rxc5 51.
Kg4 h5+ 52. Kh3 Rd5 53. Re3 Rc6 54. a4 Rc2 55. Re6+ Kh7 56. Rxa6 Rd1 57. g4
Rd3+ 58. Bg3 Rcc3 59. g5 Rxg3+ 60. Kh2 Rgd3 61. g6+ Kh6 62. Rf6 gxf6 63. g7
Rd2+ {White resigns} 0-1

[Event "ICC tourney 1954 (60 10)"]
[Site "Internet Chess Club"]
[Date "2020.08.08"]
[Round "6"]
[White "Penguino26"]
[Black "worldcupgirl"]
[Result "1-0"]
[ICCResult "Black resigns"]
[WhiteElo "1327"]
[BlackElo "1362"]
[Opening "QGD Slav defense"]
[ECO "D10"]
[NIC "SL.01"]
[Time "18:32:19"]
[TimeControl "3600+10"]

1. d4 d5 2. c4 c6 3. Nc3 Nf6 4. Bf4 Bf5 5. Qb3 b6 6. e3 e6 7. cxd5 cxd5 8.
Nb5 Na6 9. Qa4 Bb4+ 10. Nc3+ Nd7 11. Qxa6 O-O 12. Bd3 Be4 13. Bxe4 dxe4 14.
Qc4 Bxc3+ 15. bxc3 Nf6 16. Qc7 Qxc7 17. Bxc7 Nd5 18. Bd6 Rfc8 19. Ne2 Rc6
20. Be5 f6 21. Bg3 Kf7 22. O-O g5 23. Rfc1 h5 24. h4 Rg8 25. c4 Nb4 26. Rc3
Nd3 27. Nc1 b5 28. c5 b4 29. Rc4 a5 30. Nxd3 exd3 31. Rd1 Rb8 32. Bxb8 gxh4
33. Rxd3 Rc8 34. Bf4 Rg8 35. c6 h3 36. g3 h4 37. c7 hxg3 38. Bxg3 Rc8 39.
Rc5 a4 40. Rb5 b3 41. axb3 a3 42. Rd1 Ke7 43. Rb8 Kd7 44. Rxc8 Kxc8 45. Ra1
h2+ 46. Bxh2 e5 47. dxe5 fxe5 48. Bxe5 a2 49. Rxa2 Kb7 50. Rc2 Kc8
{Black resigns}
1-0

[Event "ICC tourney 1954 (60 10)"]
[Site "Internet Chess Club"]
[Date "2020.08.08"]
[Round "6"]
[White "thanhcaptures"]
[Black "NNatha"]
[Result "1/2-1/2"]
[ICCResult "Game drawn because neither player has mating material"]
[WhiteElo "1169"]
[BlackElo "1356"]
[Opening "Pirc: classical system, 5.Be2"]
[ECO "B08"]
[NIC "PU.03"]
[Time "18:31:51"]
[TimeControl "3600+10"]

1. e4 d6 2. d4 Nf6 3. Nc3 g6 4. Nf3 Bg7 5. Be2 O-O 6. O-O Nbd7 7. Be3 e5 8.
dxe5 dxe5 9. Qd2 c6 10. Rad1 Qc7 11. Bh6 Re8 12. Bxg7 Kxg7 13. Bc4 Nf8 14.
Ng5 Ne6 15. Nxe6+ Bxe6 16. Bxe6 Rxe6 17. Rfe1 Ree8 18. Qd6 Qxd6 19. Rxd6
Rad8 20. Red1 Rxd6 21. Rxd6 Re7 22. h3 Rd7 23. Rxd7 Nxd7 24. Kh2 f5 25. f3
f4 26. Ne2 Kf6 27. g3 g5 28. h4 h6 29. Kh3 Nc5 30. Kg4 Ne6 31. Kh5 Kg7 32.
hxg5 hxg5 33. gxf4 gxf4 34. Nc1 Nd4 35. Kg4 Nxc2 36. Kf5 Ne1 37. Kxe5 Nxf3+
38. Kxf4 Nd4 39. Ke5 c5 40. Nd3 b6 41. b4 Nf3+ 42. Kf4 Nd4 43. bxc5 Ne6+ 44.
Kf5 Nxc5 45. Nxc5 bxc5 46. Ke5 Kf7 47. Kd5 Ke7 48. Kxc5 Ke6 49. a4 Ke5 50.
Kc6 Kxe4 51. Kb7 Kd5 52. Kxa7 Kc6 53. a5 Kc7 54. a6 Kc8 55. Kb6 Kb8 56. Kc5
Ka7 57. Kb5 Ka8 58. Kb4 Ka7 59. Kb5 Ka8 60. Kc5 Ka7 61. Kb5 Ka8 62. Kc6 Ka7
63. Kb5 Ka8 64. Kb6 Kb8 65. a7+ Ka8 66. Ka5 Kxa7
{Game drawn because neither player has mating material}
1/2-1/2

[Event "ICC tourney 1954 (60 10)"]
[Site "Internet Chess Club"]
[Date "2020.08.08"]
[Round "6"]
[White "srinandasai12"]
[Black "NikkiBat"]
[Result "1-0"]
[ICCResult "Black resigns"]
[WhiteElo "1189"]
[BlackElo "1292"]
[Opening "Sicilian: Alapin's variation (2.c3)"]
[ECO "B22"]
[NIC "SI.46"]
[Time "18:32:26"]
[TimeControl "3600+10"]

1. e4 c5 2. c3 Nc6 3. d4 cxd4 4. cxd4 e6 5. Nf3 d6 6. Be2 Bd7 7. O-O a6 8.
Be3 Nf6 9. Nc3 Be7 10. a3 O-O 11. Qd3 Qc7 12. b4 b5 13. Rac1 h6 14. Na2 Qb7
15. Rfd1 a5 16. Qxb5 Qxb5 17. Bxb5 axb4 18. Nxb4 Nxb4 19. Bxd7 Nxd7 20. axb4
d5 21. exd5 exd5 22. Rc7 Rad8 23. Ne5 Nxe5 24. Rxe7 Nc4 25. Rb1 Rb8 26. Bf4
Rbe8 27. Rxe8 Rxe8 28. Kf1 Na3 29. Rb2 Nc4 30. Rb3 Re4 31. Be3 Rxe3 32. Rxe3
Nxe3+ 33. fxe3 Kf8 34. Ke2 Ke8 35. Kd3 Kd8 36. Kc3 Kc7 37. Kb3 Kb6 38. Kb2
Kb5 39. Kb3 f6 40. Kc3 g6 41. g4 f5 42. gxf5 gxf5 43. Kb3 h5 44. h4 Kc6 45.
Ka4 Kb6 46. b5 Kb7 47. Kb4 Kb6 48. Ka4 Kb7 49. Ka5 Ka7 50. b6+ Kb7 51. Kb5
Kb8 52. Kc6 Kc8 53. b7+ Kb8 54. Kxd5 Kxb7 55. Ke5 Kc6 56. Kxf5 Kd5 57. Kf4
Ke6 58. Kg5 Kd5 59. Kxh5 Ke4 60. Kg6 Kxe3 61. h5 Kxd4 62. h6 Kd5 63. h7 Ke6
64. h8=Q {Black resigns} 1-0

[Event "ICC tourney 1954 (60 10)"]
[Site "Internet Chess Club"]
[Date "2020.08.08"]
[Round "6"]
[White "BabyCheeks25"]
[Black "BArkadia"]
[Result "0-1"]
[ICCResult "White checkmated"]
[WhiteElo "843"]
[BlackElo "1201"]
[Opening "Queen's pawn game"]
[ECO "D05"]
[NIC "QP.06"]
[Time "18:32:26"]
[TimeControl "3600+10"]

1. d4 Nf6 2. Nf3 e6 3. e3 d5 4. Bd3 c5 5. dxc5 Bxc5 6. Nbd2 Nc6 7. Nb3 Bb6
8. c3 e5 9. Be2 O-O 10. O-O e4 11. Nfd4 Ne5 12. Nd2 Nfg4 13. c4 Qh4 14. h3
Bc7 15. Re1 Qxf2+ 16. Kh1 Qg3 17. Nf1 Nf2+ 18. Kg1 Nxh3+ 19. Kh1 Qf2 20. Qd2
Qg1# {White checkmated} 0-1

[Event "ICC tourney 1954 (60 10)"]
[Site "Internet Chess Club"]
[Date "2020.08.08"]
[Round "6"]
[White "HKChessTour"]
[Black "stepke"]
[Result "1-0"]
[ICCResult "Black resigns"]
[WhiteElo "1146"]
[BlackElo "1298"]
[Opening "Sicilian: Najdorf, Opocensky variation"]
[ECO "B92"]
[NIC "SI.10"]
[Time "18:31:55"]
[TimeControl "3600+10"]

1. e4 c5 2. Nf3 d6 3. d4 cxd4 4. Nxd4 Nf6 5. Nc3 a6 6. Be2 Nc6 7. Nf3 Bg4 8.
O-O h6 9. h3 Bh5 10. Be3 e5 11. Nd5 Nxe4 12. Bb6 Qc8 13. Nc7+ Ke7 14. Nxa8
Qxa8 15. Qd3 Nf6 16. Bc7 Ke6 17. Nd2 Bxe2 18. Qxe2 Kd7 19. Bb6 Be7 20. f4
Rc8 21. fxe5 Nxe5 22. Nf3 Nxf3+ 23. Rxf3 Nd5 24. Rxf7 Re8 25. Qg4+ Kc6 26.
Qc4+ Kxb6 27. Qxd5 Ka7 28. Re1 Qd8 29. Qe6 Qb6+ 30. Kh1 Bh4 31. Qxe8 Bxe1
32. Qxe1 Qxb2 33. Qe3+ Kb8 34. Rf8+ Kc7 35. Qe7+ Kc6 36. Rc8+ Kd5 37. Qf7+
Ke4 38. Re8+ {Black resigns} 1-0

[Event "ICC tourney 1954 (60 10)"]
[Site "Internet Chess Club"]
[Date "2020.08.08"]
[Round "6"]
[White "chessrdu20"]
[Black "nagapraneel"]
[Result "1-0"]
[ICCResult "Black resigns"]
[WhiteElo "1019"]
[BlackElo "833"]
[Opening "Giuoco Pianissimo: Italian four knights variation"]
[ECO "C50"]
[NIC "IG.02"]
[Time "18:31:47"]
[TimeControl "3600+10"]

1. e4 e5 2. Nf3 Nc6 3. Bc4 Bc5 4. Nc3 Nf6 5. d3 h6 6. Be3 d6 7. Bxc5 dxc5 8.
h3 Be6 9. Bxe6 fxe6 10. Qd2 O-O 11. O-O-O a6 12. Rhe1 b5 13. Ne2 Nd4 14.
Nexd4 cxd4 15. Nxe5 Qd6 16. Nf3 e5 17. Nh2 Rfe8 18. Ng4 Nxg4 19. hxg4 Qf6
20. f3 Qf4 21. Qxf4 exf4 22. Rg1 c5 23. g3 fxg3 24. Rxg3 Rf8 25. a3 g5 26.
Rh1 Kh7 27. Kd2 Rf6 28. Ke2 Raf8 29. Re1 Re6 30. Kf2 Rf7 31. Rc1 Rd6 32. Ke2
Rff6 33. c3 dxc3 34. Rxc3 Rc6 35. b3 b4 36. axb4 cxb4 37. Rxc6 Rxc6 38. Rg1
a5 39. Rb1 Kg6 40. Kd2 Kf6 41. Rc1 Ra6 42. Rc4 Ke5 43. Ke3 Rb6 44. Rc5+ Kd6
45. Rxa5 Kc6 46. Rf5 Kd7 47. Rc5 Kd6 48. Rc4 Ke5 49. d4+ Kd6 50. d5 Ke5 51.
Rc6 Rxc6 52. dxc6 Kd6 53. Kd4 Kxc6 54. Kc4 Kd6 55. Kxb4 Ke5 56. Kc5 Kf4 57.
b4 Kxf3 58. b5 h5 59. b6 hxg4 60. b7 g3 61. b8=Q g2 62. Qf8+ Kxe4 63. Qf2
{Black resigns}
1-0

[Event "ICC tourney 1954 (60 10)"]
[Site "Internet Chess Club"]
[Date "2020.08.08"]
[Round "6"]
[White "lemonbar"]
[Black "viratfan"]
[Result "0-1"]
[ICCResult "White resigns"]
[WhiteElo "999"]
[BlackElo "337"]
[Opening "QGD: 4.Nf3"]
[ECO "D37"]
[NIC "QO.16"]
[Time "18:32:26"]
[TimeControl "3600+10"]

1. d4 d5 2. c4 e6 3. Nc3 Nf6 4. Nf3 Nc6 5. Bf4 dxc4 6. e3 Nd5 7. Bxc4 Nxf4
8. exf4 Bd6 9. Qd2 O-O 10. O-O b6 11. Rfe1 Bb7 12. Rad1 Qf6 13. Ne5 Rad8 14.
Nxc6 Bxf4 15. Qd3 Bxc6 16. Ne2 Bh6 17. Bb3 Qg6 18. Qxg6 hxg6 19. Nc3 Rfe8
20. Ba4 Bxa4 21. Nxa4 Rd7 22. Nc3 Red8 23. Re4 c5 24. Nb5 a6 25. Nc3 Rxd4
26. Rexd4 Rxd4 27. Rxd4 cxd4 28. Nd1 f5 29. Kf1 e5 30. Ke2 Kf7 31. f3 Ke6
32. Kd3 Kd5 33. f4 e4+ 34. Ke2 {White resigns} 0-1